 Dungeon Crawl Stone Soup version 0.24-a0-725-gf1a930fc54 (webtiles) character file.

Game seed: 11127037160693480682, levelgen mode: deterministic

44 Kohma the Ruffian (level 3, -1/28 HPs)
             Began as a Draconian Transmuter on Oct 1, 2019.
             Slain by a gnoll (3 damage)
             ... on level 2 of the Dungeon.
             The game lasted 00:03:43 (1333 turns).

Kohma the Ruffian (Draconian Transmuter)            Turns: 1333, Time: 00:03:44

Health: -1/28      AC:  5    Str: 12    XL:     3   Next: 41%
Magic:  2/6        EV: 11    Int: 14    God:
Gold:   73         SH:  5    Dex: 11    Spells: 4/7 levels left

rFire    . . .     SeeInvis .     - Unarmed
rCold    . . .     Gourm    .   i - +2 buckler
rNeg     . . .     Faith    .   (armour unavailable)
rPois    .         Spirit   .   l - +0 hat
rElec    .         Reflect  .   (no cloak)
rCorr    .         Harm     .   (no gloves)
MR       .....                  (no boots)
Stlth    +.........             (no amulet)
HPRegen  0.09/turn              (no ring)
MPRegen  0.10/turn              (no ring)

@: appendage (expiring)
A: unfitting armour, horns 2, cold-blooded, AC +5
a: End Transformation


You were on level 2 of the Dungeon.
You were hungry.
You had grown temporary horns.
You visited 1 branch of the dungeon, and saw 2 of its levels.

You collected 73 gold pieces.

Inventory:

Hand Weapons
 h - a +0 hunting sling
Missiles
 a - 21 arrows
 j - 28 stones (quivered)
Armour
 i - a +2 buckler (worn)
 l - a +0 hat (worn)
Jewellery
 k - an uncursed amulet of magic regeneration {unknown}
 o - an uncursed amulet of the gourmand {unknown}
Scrolls
 b - 2 scrolls of enchant weapon {unknown}
 d - 3 scrolls of identify
 e - 3 scrolls of remove curse
 f - a scroll of immolation {unknown}
 g - a scroll of amnesia {unknown}
 n - a scroll of blinking {unknown}
Comestibles
 c - 2 rations


   Skills:
 - Level 1.1 Fighting
 - Level 1.7 Dodging
 * Level 1.1 Shields
 + Level 3.4 Unarmed Combat
 + Level 2.5 Spellcasting
 + Level 2.6 Transmutations


You had 4 spell levels left.
You knew the following spells:

 Your Spells              Type           Power        Failure   Level  Hunger
a - Beastly Appendage     Tmut           #.....       11%         1    #......
b - Sticks to Snakes      Tmut           #.......     17%         2    ###....

Your spell library contained the following spells:

 Spells                   Type           Power        Failure   Level  Hunger
 Spider Form              Tmut/Pois      #.........   50%         3    ###....
 Ice Form                 Ice/Tmut       #.......     88%         4    #####..
 Blade Hands              Tmut           #.........   97%         5    ######.


Dungeon Overview and Level Annotations

Branches:
Dungeon (2/15)

Altars:


Innate Abilities, Weirdness & Mutations

Your plain brown scales are hard. (AC +5)
You cannot fit into any form of body armour.
You are cold-blooded and may be slowed by cold attacks.
You have a pair of horns on your head.


Message History

The goblin shouts!
You hit the gnoll but do no damage.
The gnoll is lightly wounded.
The gnoll hits you.
Your ball python bites the gnoll.
Your ball python constricts the gnoll.
You block the gnoll's attack.
Unknown command.
You hit the gnoll but do no damage.
The gnoll is lightly wounded.
The gnoll hits you with a +0 flail!
* * * LOW HITPOINT WARNING * * *
Your ball python bites the gnoll but does no damage.
Your ball python constricts the gnoll.
The gnoll closely misses you.
You aren't carrying any potions.
As you read the scroll labeled WADUIN NI GATO, it crumbles to dust.
It is a scroll of identify.
e - 3 scrolls of remove curse The gnoll closely misses you.
Your ball python bites the gnoll but does no damage.
Your ball python constricts the gnoll.
The gnoll hits you.
You die...

###########
.^........#
..........#
..........#
...w...S..#
...w..g@..#
......gg..#
..........#
.$........#
..........#
..g....####
.......
.......


You could see a worm, 3 gnolls, a dart slug, a goblin and a friendly ball
python.

Vanquished Creatures
  An ooze (D:1)
  A dart slug (D:1)
  A leopard gecko (D:1)
  A giant cockroach (D:2)
  6 goblins
  7 hobgoblins (D:1)
  2 jackals (D:2)
  4 kobolds (D:1)
  5 bats (D:1)
  A frilled lizard (D:1)
  4 rats (D:1)
33 creatures vanquished.

Vanquished Creatures (collateral kills)
  A jackal (D:2)
1 creature vanquished.

Grand Total: 34 creatures vanquished

Notes
Turn   | Place    | Note
-------+----------+-------------------------------------------
     0 | D:1      | Kohma the Draconian Transmuter began the quest for the Orb.
     0 | D:1      | Reached XP level 1. HP: 16/16 MP: 3/3
   236 | D:1      | Reached XP level 2. HP: 21/23 MP: 5/5
   240 | D:1      | Learned a level 2 spell: Sticks to Snakes
   799 | D:1      | Reached XP level 3. HP: 28/28 MP: 6/6
  1073 | D:1      | Reached skill level 1 in Shields
  1333 | D:2      | Slain by a gnoll

Levels and vault maps discovered:
D:1:      eino_arrival_druids_welcome, layout_loops_ring
D:2:      layout_rooms, okawaru_trees_2

Skill      XL: |  1  2  3 |
---------------+----------+-----
Shields        | 1 |  1.1
Fighting       | |  1.1
Dodging        | |  1.7
Unarmed Combat | |  3.4
Spellcasting   | |  2.5
Transmutations | |  2.6

Action                   || total
-------------------------++-------
Melee: Unarmed           ||   108
       Tailslap          ||     7
       Headbutt          ||     4
       Kick              ||     3
 Cast: Beastly Appendage ||     6
       Sticks to Snakes  ||     2
  Use: Scroll            ||     1
  Eat: Chunk             ||     1
Armor: Skin              ||    21
Dodge: Dodged            ||    61
Block: Buckler           ||    22

Table legend:
 A = Non-vault XP
 B = Vault XP
 C = Vault XP percentage of total XP
 D = Non-vault monster count
 E = Vault monster count
 F = Vault count percentage of total count
                 A         B        C        D         E       F
            +---------+---------+-------+---------+---------+-------
      Total |      64 |       0 |   0.0 |      34 |       0 |   0.0
            +---------+---------+-------+---------+---------+-------
        D:1 |      56 |       0 |   0.0 |      29 |       0 |   0.0
        D:2 |       8 |       0 |   0.0 |       5 |       0 |   0.0
            +---------+---------+-------+---------+---------+-------
